 Dungeon Crawl Stone Soup version 0.29.1-15-g9cfb28693d (webtiles) character file.

Game seed: 5679136466035695774

63 Heoruswealwe the Caller (level 3, -2/19 HPs)
             Began as a Deep Elf Summoner on Feb 21, 2023.
             Was a Follower of Fedhas.
             Shot with an arrow by a centaur (5 damage)
             ... on level 3 of the Dungeon.
             The game lasted 00:22:37 (2145 turns).

Heoruswealwe the Caller (Deep Elf Summoner)         Turns: 2145, Time: 00:22:37

Health: -2/19      AC:  2    Str:  5    XL:     3   Next: 89%
Magic:  5/11       EV: 12    Int: 21    God:    Fedhas [*.....]
Gold:   102        SH:  0    Dex: 15    Spells: 7/11 levels left

rFire   . . .      SeeInvis .   n - +1 falchion
rCold   . . .      Faith    .   (no shield)
rNeg    . . .      Spirit   .   a - +0 robe
rPois   .          Reflect  .   (no helmet)
rElec   .          Harm     .   (no cloak)
rCorr   .          Rampage  .   (no gloves)
Will    .....                   (no boots)
Stlth   ++........              (no amulet)
HPRegen 0.06/turn               m - ring of wizardry
MPRegen 0.12/turn               (no ring)

@: no status effects
A: no striking features
a: Renounce Religion


You were on level 3 of the Dungeon.
You worshipped Fedhas.
Fedhas was aware of your devotion.
You visited 1 branch of the dungeon, and saw 3 of its levels.

You collected 102 gold pieces.

Inventory:

Hand Weapons
 c - a +0 dagger
 g - a +0 whip
 j - a +0 dagger
 l - a +0 dagger
 n - a +1 falchion (weapon)
 p - a +0 club
 q - a +0 dagger
 s - a +0 dagger
 t - a +0 dagger
 u - a +0 flail
 v - a +0 whip
 w - a +0 dagger
 y - a +0 hand axe
Missiles
 h - 20 stones
Armour
 a - a +0 robe (worn)
 d - a +0 leather armour
 o - a +0 robe
 r - a +0 ring mail
 z - a +0 leather armour
Jewellery
 e - a ring of protection from fire
 i - an amulet of faith
 m - a ring of wizardry (left hand)
Scrolls
 k - a scroll of teleportation
Potions
 b - a potion of magic
 f - 2 potions of heal wounds
 x - a potion of flight {unknown}


   Skills:
 - Level 2.4 Dodging
 - Level 2.4 Stealth
 + Level 4.6 Spellcasting
 + Level 5.3 Summonings


You had 7 spell levels left.
You knew the following spells:

 Your Spells              Type           Power      Damage    Failure   Level
a - Summon Small Mammal   Summ           100%       N/A       1%          1
b - Call Canine Familiar  Summ           27%        N/A       1%          3

Your spell library contained the following spells:

 Spells                   Type           Power      Damage    Failure   Level
 Call Imp                 Summ           27%        N/A       1%          2
 Summon Guardian Golem    Hex/Summ       16%        N/A       4%          3
 Frozen Ramparts          Ice            8%         1d2       14%         3
 Summon Ice Beast         Ice/Summ       16%        N/A       16%         4
 Summon Lightning Spire   Summ/Air       16%        N/A       16%         4
 Ice Form                 Ice/Tmut       4%         N/A       41%         4


Dungeon Overview and Level Annotations

Branches:
Dungeon (3/15)

Altars:
Fedhas


Message History

w - a +0 dagger
x - a metallic clear potion
Things that are here:
a +0 hand axe; a +0 leather armour; an orc corpse
y - a +0 hand axe;
z - a +0 leather armour
Found a faded altar of an unknown god.
There is a faded altar of an unknown god here.
You cannot tell which god this altar belongs to.
Convert to them anyway?
Fedhas accepts your prayer! Fedhas welcomes you!
The plants of the dungeon cease their hostilities.
A centaur comes into view.
The centaur shouts!
The centaur wields a +0 shortbow.
The centaur shoots an arrow.
The arrow hits you.
You swap places.
There is a blossoming altar of Fedhas here.
The centaur shoots an arrow.
The arrow hits your wolf.
Your wolf closely misses the centaur.
The centaur shoots an arrow.
The arrow hits your wolf!
Your wolf bites the centaur but does no damage.
The centaur unwields a +0 shortbow.
The centaur hits your wolf.
Your wolf dies!
Your wolf's corpse disappears in a puff of smoke!
Casting: Call Canine Familiar (safe; 1% risk of failure)
Confirm with . or Enter, or press ? or * to list all spells.
The centaur wields a +0 shortbow.
The centaur shoots an arrow.
The arrow hits your hound!
The centaur shoots an arrow.
The arrow hits your hound!
Your hound dies!
Your hound's corpse disappears in a puff of smoke!
The centaur shoots an arrow.
The arrow barely misses you.
Casting: Call Canine Familiar (safe; 1% risk of failure)
Confirm with . or Enter, or press ? or * to list all spells.
The centaur shoots an arrow.
The arrow hits you!
Ouch! That really hurt!
* * * LOW HITPOINT WARNING * * *
You swap places.
The centaur shoots an arrow.
The arrow hits you.
You die...
Fedhas appreciates your contribution to the ecosystem.

### ..# ###
####.#### #..
..c....# #..
#.#.#..# #..
#.#h#..# #..
#@_.#..# #..
#..##.†# ###
#.#..##..# #
#........### #
#..........# #
#.##.#.....#######
# #.
#.....†††.....###
#.
###....†#####....
#.....# #####


You could see a centaur (ally target) and a friendly hound (summoned).

Vanquished Creatures
  A ball python (D:1)
  2 endoplasms (D:2)
3 creatures vanquished.

Vanquished Creatures (collateral kills)
  An adder (D:2)
  5 orcs (D:3)
  5 ball pythons
  6 bats
  4 endoplasms
  3 giant cockroaches
  5 goblins
  2 hobgoblins (D:1)
  A quokka (D:1)
  6 frilled lizards
  A kobold (D:2)
  3 rats
42 creatures vanquished.

Grand Total: 45 creatures vanquished

Notes
Turn   | Place    | Note
-------+----------+-------------------------------------------
     0 | D:1      | Heoruswealwe the Deep Elf Summoner began the quest for the
                  | Orb.
     0 | D:1      | Reached XP level 1. HP: 10/10 MP: 6/6
   182 | D:1      | Reached XP level 2. HP: 12/15 MP: 6/8
   740 | D:1      | Learned a level 1 spell: Summon Small Mammal
   922 | D:2      | Reached XP level 3. HP: 19/19 MP: 8/10
   926 | D:2      | Reached skill level 5 in Summonings
  1060 | D:2      | Learned a level 3 spell: Call Canine Familiar
  2132 | D:3      | Found a faded altar of an unknown god.
  2137 | D:3      | Prayed at the altar of an unknown god.
  2137 | D:3      | Became a worshipper of Fedhas Madash
  2137 | D:3      | Reached * piety under Fedhas
  2138 | D:3      | Noticed a centaur
  2145 | D:3      | Shot with an arrow by a centaur

Illustrated notes

Levels and vault maps discovered:
D:1:      minmay_arrival_hallway, layout_rooms, kennysheep_pointless_box
D:2:      layout_basic
D:3:      minmay_wonky_spiral, layout_loops_cross, mainiacjoe_overflow_catwalk,
          mainiacjoe_overflow_swirl, basic_ecumenical_altar, uniq_robin,
          uniq_terence, uniq_sigmund, uniq_ijyb

Skill      XL: |  1  2  3 |
---------------+----------+-----
Spellcasting   | 4 |  4.6
Summonings     | 5 |  5.3
Dodging        | |  2.4
Stealth        | |  2.4

Action                   || total
-------------------------++-------
Melee: Unarmed           ||     1
       Falchion          ||     7
 Cast: Summon Small Mamm ||    28
       Call Canine Famil ||     7
  Use: Scroll            ||     6
       Potion            ||     2
Armor: Robe              ||     8
Dodge: Dodged            ||    15
